 Dungeon Crawl Stone Soup version 0.31.0-9-g3a7656b989 (webtiles) character file.

Game seed: 9132861630496526710

632 qw the Skirmisher (level 7, -1/37 (40) HPs)
             Began as a Deep Elf Hunter on Feb 2, 2024.
             Was a Follower of Okawaru.
             Slain by a wight
             ... wielding a +3 dire flail of freezing
              (13 damage)
             ... on level 6 of the Dungeon.
             The game lasted 00:00:15 (3996 turns).

qw the Skirmisher (Deep Elf Hunter)                 Turns: 3996, Time: 00:00:16

HP:   -1/37 (40)    AC: 10    Str:  9    XL:     7   Next: 24%
MP:   10/10         EV: 14    Int: 13    God:    Okawaru [*.....]
Gold: 47            SH:  0    Dex: 22    Spells: 6/6 levels left

rFire   . . .        n - +0 arbalest
rCold   + . .        (shield currently unavailable)
rNeg    + . .        o - +2 scale mail {rPois}
rPois   +            (no helmet)
rElec   .            (no cloak)
rCorr   .            g - +1 pair of gloves {infuse}
SInv    .            (no boots)
Will    .....        (no amulet)
Stlth   +            c - +5 ring of evasion
HPRegen 0.26/turn    f - ring of Heetzysh {rC+ rN+}
MPRegen 0.12/turn

%: infuse magic (1 MP)
@: drained
A: agile 1
a: Renounce Religion, Heroism


You were on level 6 of the Dungeon.
You worshipped Okawaru.
Okawaru was aware of your devotion.
You visited 2 branches of the dungeon, and saw 7 of its levels.

You collected 256 gold pieces.
You spent 209 gold pieces at shops.


Innate Abilities, Weirdness & Mutations

You are agile. (Dex +4, Str/Int -1)


   Skills:
 - Level 2.0 Fighting
 + Level 9.9 Ranged Weapons
 - Level 2.1 Armour
 - Level 3.2 Dodging
 - Level 1.2 Stealth
 + Level 2.4 Invocations


You had 6 spell levels left.
You didn't know any spells.
Your spell library was empty.

Inventory:

Hand Weapons
 n - a +0 arbalest (weapon)
Armour
 g - a +1 pair of gloves of infusion (worn)
 h - the +1 leather armour of Inevitability {+Blink Fly rF++ Int-4}
   (You found it on level 4 of the Dungeon)

   Int-4:     It affects your intelligence (-4).
   rF++:      It greatly protects you from fire.
   Fly:       It grants you flight.
   +Blink:    It lets you blink.
 o - a +2 scale mail of poison resistance (worn)
Jewellery
 c - a +5 ring of evasion (left hand)
 f - the ring of Heetzysh (right hand) {rC+ rN+}
   (You found it on level 2 of the Dungeon)

   [ring of protection from cold]

   rC+:       It protects you from cold.
   rN+:       It protects you from negative energy.
 l - a ring of willpower
 Y - a ring of protection from fire
Wands
 j - a wand of iceblast (3)
 p - a wand of quicksilver (5)
Scrolls
 m - 4 scrolls of teleportation
Potions
 a - a potion of might
 b - a potion of heal wounds
 d - 2 potions of curing
 e - a potion of mutation
 k - a potion of ambrosia {unknown}
 t - a potion of attraction {unknown}
 u - a potion of haste {unknown}

Dungeon Overview and Level Annotations

Branches:
Dungeon (6/15)             Temple (1/1) D:4

Altars:
Ashenzari
Cheibriados
Fedhas
Gozag
Hepliaklqana
Kikubaaqudgha
Makhleb
Nemelex Xobeh
Okawaru
Ru
Vehumet
Wu Jian
Xom
Yredelemnul
Zin
The Shining One

Shops:
D:4 (   D:5 **((*

Annotations:
D:5 2 transporters


Message History

The scorpion is severely wounded.
The scorpion barely misses you. The scorpion closely misses you.
You shoot a bolt. The bolt barely misses the scorpion.
The scorpion barely misses you. The scorpion misses you.
You shoot a bolt. The bolt hits the scorpion!
You kill the scorpion!
Okawaru accepts your kill.
Your Invocations skill increases to level 2! 3 wights come into view.
A wight is wielding a +3 dire flail of freezing.
Enter note:
Enter note:
3987 ||| RETREEEEATING.
3989 ||| RETREEEEATING.
You shoot a bolt. The bolt hits the wight.
The wight is moderately damaged.
The wight closely misses you.
The wight hits you from afar with a +0 spear!
You partially resist.
You feel drained.
You shoot a bolt. The bolt barely misses the wight.
The wight closely misses you.
You shoot a bolt. The bolt hits the wight!
The wight is almost destroyed.
The wight closely misses you.
The wight hits you from afar with a +0 spear!
You partially resist.
You feel drained.
You shoot a bolt. The bolt barely misses the wight.
The wight hits you from afar with a +0 spear.
You partially resist.
You feel drained. The wight barely misses you.
You shoot a bolt. The bolt hits the wight!
You destroy the wight!
Okawaru accepts your kill.
You shoot a bolt. The bolt hits the wight!
The wight is severely damaged.
The wight closely misses you.
You shoot a bolt. The bolt closely misses the wight.
The wight hits you with a +3 dire flail of freezing!
You partially resist.
You feel drained.
The wight hits you with a +3 dire flail of freezing!
You die...

#. #....%....#.#
##.###..#####..#.######
........#####?...>......
#............#.........
######<#######..#######
#.# #..# #.# #..# #.#
#..# #@# #..# #z# #...
.......z).zz...
.#####..####### #.## #.
#. #. #.


You could see 2 wights.

Vanquished Creatures
  An ogre (D:5)
  3 scorpions (D:6)
  A wight (D:6)
  A bombardier beetle (D:6)
  A hound (D:5)
  4 iguanas
  5 adders
  3 gnolls (D:3)
  3 dart slugs
  A ribbon worm (D:2)
  7 endoplasms
  5 giant cockroaches
  4 goblins
  2 hobgoblins
  12 kobolds
  3 quokkas (D:1)
  3 training dummies (D:4)
  8 ball pythons
  2 bats
  5 frilled lizards
  2 rats
76 creatures vanquished.

Notes
Turn   | Place    | Note
-------+----------+-------------------------------------------
     0 | D:1      | qw the Deep Elf Hunter began the quest for the Orb.
     0 | D:1      | Reached XP level 1. HP: 12/12 MP: 3/3
     0 | D:1      | 0 ||| qw: Version: 0.3-a-155-g5e7d8dd
     0 | D:1      | 0 ||| qw: Game counter: 2423
     0 | D:1      | 0 ||| qw: Melee chars always use a shield: true
     0 | D:1      | 0 ||| qw: God list: Okawaru
     0 | D:1      | 0 ||| qw: Allow faded altars: false
     0 | D:1      | 0 ||| qw: Do Orc after clearing Dungeon:15 true
     0 | D:1      | 0 ||| qw: Do second Lair branch before Depths: true
     0 | D:1      | 0 ||| qw: Lair rune preference: random
     0 | D:1      | 0 ||| qw: Goals: Normal
     0 | D:1      | 0 ||| PLANNING D:1-11
   199 | D:1      | Reached XP level 2. HP: 12/16 MP: 4/4
   203 | D:1      | Reached skill level 6 in Ranged Weapons
   553 | D:1      | 553 ||| READING scroll labelled PAES YNINKA.
   553 | D:1      | 553 ||| ENCHANTING +0 shortbow.
   554 | D:1      | 554 ||| READING 2 scrolls labelled LYMYVU VERRUYDD.
   555 | D:1      | 555 ||| READING scroll labelled ZUMEEJ QURHECI.
   556 | D:1      | 556 ||| DRINKING 2 silvery potions.
   556 | D:1      | Gained mutation: You are agile. (Dex +4, Str/Int -1)
                  | [potion of mutation]
   557 | D:1      | 557 ||| DROPPING scroll of butterflies.
   558 | D:1      | 558 ||| DROPPING scroll of blinking.
   606 | D:2      | Reached XP level 3. HP: 20/20 MP: 5/5
   606 | D:2      | Identified the ring of Heetzysh {rC+ rN+}
   687 | D:2      | 687 ||| FLEEEEING.
   736 | D:2      | Reached skill level 7 in Ranged Weapons
  1071 | D:2      | 1071 ||| UPGRADING to ring of Heetzysh {rC+ rN+}.
  1072 | D:2      | 1072 ||| UPGRADING to ring of protection from cold.
  1073 | D:2      | 1073 ||| UPGRADING to ring of protection from fire.
  1075 | D:2      | 1075 ||| UPGRADING to ring of Heetzysh {rC+ rN+}.
  1077 | D:2      | 1077 ||| READING scroll labelled XAOLAS DAATWI.
  1081 | D:2      | 1081 ||| DRINKING 2 white potions.
  1210 | D:3      | Reached skill level 3 in Dodging
  1212 | D:3      | 1212 ||| RETREEEEATING.
  1213 | D:3      | 1213 ||| RETREEEEATING.
  1218 | D:3      | Reached XP level 4. HP: 15/25 MP: 6/6
  1889 | D:3      | Found a shimmering altar of Xom.
  1889 | D:3      | Found a faded altar of an unknown god.
  1897 | D:3      | Found a broken altar of Ashenzari.
  1899 | D:3      | Found an opulent altar of Gozag.
  1901 | D:3      | Found a faded altar of an unknown god.
  1924 | D:3      | 1924 ||| UPGRADING to +0 ring mail.
  1934 | D:3      | 1934 ||| DROPPING +0 leather armour.
  1935 | D:3      | 1935 ||| UPGRADING to +2 scale mail of poison resistance.
  1945 | D:3      | 1945 ||| DROPPING +0 ring mail.
  1946 | D:3      | 1946 ||| DROPPING +6 ring of intelligence.
  1947 | D:3      | 1947 ||| DROPPING ring of magical power.
  1948 | D:3      | 1948 ||| READING scroll labelled XOLESCHEEFA.
  1989 | D:3      | 1989 ||| READING scroll labelled DOTASK MYHA.
  1989 | D:3      | 1989 ||| IDENTIFYING clear potion
  1990 | D:3      | 1990 ||| READING scroll labelled YDEZXO KUTOA.
  1991 | D:3      | 1991 ||| READING scroll labelled QOAQUGHOUWA.
  2092 | D:3      | 2092 ||| DROPPING potion of brilliance.
  2174 | D:4      | Reached skill level 8 in Ranged Weapons
  2213 | D:4      | Reached XP level 5. HP: 24/29 MP: 7/7
  2480 | D:4      | Identified the +1 leather armour of Inevitability {+Blink
                  | Fly rF++ Int-4}
  2688 | D:4      | Found a burning altar of Makhleb.
  2712 | D:4      | Found Usiggairasm's Firing Range.
  2722 | D:4      | 2722 ||| BUYING +0 arbalest (58 gold).
  2722 | D:4      | Bought a +0 arbalest for 58 gold pieces
  2722 | D:4      | 2722 ||| SHOPLISTING +0 triple crossbow (130 gold, have
                  | 113).
  2722 | D:4      | 2722 ||| SHOPLISTING +3 hand cannon of flaming (302 gold,
                  | have 113).
  2722 | D:4      | 2722 ||| SWAPPING to +0 arbalest.
  2723 | D:4      | 2723 ||| DROPPING +0 shortbow.
  2823 | D:4      | Found a staircase to the Ecumenical Temple.
  2824 | D:4      | 2824 ||| PLANNING TEMPLE
  2824 | D:4      | 2824 ||| READING 2 scrolls of identify.
  2824 | D:4      | 2824 ||| IDENTIFYING red potion
  2825 | D:4      | 2825 ||| READING scroll of identify.
  2825 | D:4      | 2825 ||| IDENTIFYING orange potion
  2826 | D:4      | 2826 ||| DROPPING potion of invisibility.
  2835 | Temple   | Entered the Ecumenical Temple
  2836 | Temple   | 2836 ||| PLANNING OKAWARU WORSHIP
  2892 | Temple   | Became a worshipper of Warmaster Okawaru
  2893 | Temple   | 2893 ||| PLANNING D:1-11
  3088 | D:5      | Entered Level 5 of the Dungeon
  3136 | D:5      | Found Qitog's Weapon Shop.
  3170 | D:5      | Found a transporter.
  3170 | D:5      | Found Xueq's Weapon Boutique.
  3200 | D:5      | Reached skill level 9 in Ranged Weapons
  3304 | D:5      | Found Lyeppoum's Assorted Antiques.
  3314 | D:5      | 3314 ||| BUYING 2 scrolls labelled SOPTAR XIAQUG (50 gold).
  3314 | D:5      | Bought 2 scrolls labelled SOPTAR XIAQUG for 50 gold pieces
  3314 | D:5      | 3314 ||| SHOPLISTING potion of curing (75 gold, have 63).
  3314 | D:5      | 3314 ||| BUYING scroll labelled UCROPL KOGRUE (25 gold).
  3314 | D:5      | Bought a scroll labelled UCROPL KOGRUE for 25 gold pieces
  3314 | D:5      | 3314 ||| BUYING scroll labelled ZESUMEFASA (25 gold).
  3314 | D:5      | Bought a scroll labelled ZESUMEFASA for 25 gold pieces
  3314 | D:5      | 3314 ||| SHOPLISTING scroll of identify (50 gold, have 13).
  3340 | D:5      | Found a transporter.
  3362 | D:5      | Found Quol's General Store.
  3371 | D:5      | 3371 ||| SHOPLISTING +0 pair of boots (49 gold, have 13).
  3371 | D:5      | 3371 ||| SHOPLISTING potion of mutation (88 gold, have 13).
  3371 | D:5      | 3371 ||| SHOPLISTING scroll of teleportation (33 gold, have
                  | 13).
  3499 | D:5      | Found Wevohodi's Assorted Antiques.
  3513 | D:5      | 3513 ||| BUYING cyan potion (24 gold).
  3513 | D:5      | Bought a cyan potion for 24 gold pieces
  3513 | D:5      | 3513 ||| SHOPLISTING potion of mutation (216 gold, have
                  | 36).
  3513 | D:5      | 3513 ||| BUYING scroll labelled UCROPL KOGRUE (27 gold).
  3513 | D:5      | Bought a scroll labelled UCROPL KOGRUE for 27 gold pieces
  3513 | D:5      | 3513 ||| SHOPLISTING shiny brass wand (108 gold, have 9).
  3513 | D:5      | 3513 ||| SHOPLISTING small platinum amulet (135 gold, have
                  | 9).
  3551 | D:5      | Reached XP level 6. HP: 35/35 MP: 8/8
  3750 | D:5      | 3750 ||| UPGRADING to +5 ring of evasion.
  3752 | D:5      | 3752 ||| DROPPING ring of protection from cold.
  3753 | D:5      | 3753 ||| READING scroll of identify.
  3753 | D:5      | 3753 ||| IDENTIFYING sapphire potion
  3754 | D:5      | 3754 ||| READING 2 scrolls labelled SOPTAR XIAQUG.
  3755 | D:5      | 3755 ||| READING 2 scrolls labelled UCROPL KOGRUE.
  3756 | D:5      | 3756 ||| READING scroll labelled ZESUMEFASA.
  3756 | D:5      | 3756 ||| ACQUIRING +1 pair of gloves of infusion
  3756 | D:5      | Acquired a +1 pair of gloves of infusion
  3758 | D:5      | 3758 ||| UPGRADING to +1 pair of gloves of infusion.
  3763 | D:5      | 3763 ||| DROPPING scroll of noise.
  3764 | D:5      | 3764 ||| DROPPING scroll of fear.
  3795 | D:6      | Reached * piety under Okawaru
  3821 | D:6      | Reached skill level 1 in Invocations
  3944 | D:6      | Reached XP level 7. HP: 40/40 MP: 8/10
  3987 | D:6      | 3987 ||| RETREEEEATING.
  3989 | D:6      | 3989 ||| RETREEEEATING.
  3996 | D:6      | Slain by a wight

Levels and vault maps discovered:
D:1:      dpeg_arrival_arbitrary_a, layout_rooms, serial_bayou_crossing
D:2:      layout_rooms, grunt_ministairs_15
D:3:      layout_loops_ring, chequers_temple_overflow_minitemple
D:4:      layout_basic, mainiacjoe_overflow_alcove_2,
          minmay_temple_entry_poolview, minmay_tree_intersection,
          nicolae_shop_firing_range
D:5:      layout_loops_ring, serial_shops, nicolae_shop_statue_plus, shop, shop,
          nicolae_shop_drivethru, nicolae_shop_trees
D:6:      layout_loops_ring, amcnicky_altar_gilded
Temple:   minmay_temple_forest_path

Skill      XL: |  1  2  3  4  5  6  7 |
---------------+----------------------+-----
Ranged Weapons | 6 7 8 9 |  9.9
Dodging        | 3 |  3.2
Fighting       | 2 |  2.0
Armour         | 2 |  2.1
Invocations    | 1 2 |  2.4
Stealth        | |  1.2

Action                     |  1- 3 |  4- 6 |  7- 9 || total
---------------------------+-------+-------+-------++-------
   Fire: Shortbow          |   110 |    59 |       ||   169
         Arbalest          |       |    34 |    13 ||    47
    Use: Scroll            |     4 |    10 |       ||    14
         Potion            |     2 |       |       ||     2
 Armour: Leather armour    |    14 |     2 |       ||    16
         Scale mail        |       |    22 |     5 ||    27
  Dodge: Dodged            |    11 |    26 |    11 ||    48

Table legend:
 A = Non-vault XP
 B = Vault XP
 C = Vault XP percentage of total XP
 D = Non-vault monster count
 E = Vault monster count
 F = Vault count percentage of total count
                 A         B        C        D         E       F
            +---------+---------+-------+---------+---------+-------
      Total |     894 |       9 |   1.0 |      71 |       5 |   6.6
            +---------+---------+-------+---------+---------+-------
        D:1 |      39 |       0 |   0.0 |      22 |       0 |   0.0
        D:2 |      36 |       3 |   7.7 |      14 |       2 |  12.5
        D:3 |      73 |       0 |   0.0 |      15 |       0 |   0.0
        D:4 |      75 |       6 |   7.4 |       9 |       3 |  25.0
        D:5 |     298 |       0 |   0.0 |       6 |       0 |   0.0
        D:6 |     373 |       0 |   0.0 |       5 |       0 |   0.0
            +---------+---------+-------+---------+---------+-------
